 Seeded DCSS version 0.29-a0-582-ge82337ba6a (webtiles) character file.

Game seed: 585938074022289478 (custom seed)

4198 happo123 the Grappler (level 10, -3/94 HPs)
             Began as a Troll Transmuter on June 14, 2022.
             Was a Believer of the Shining One.
             Slain by a two-headed ogre
             ... wielding a +0 giant club
              (6 damage)
             ... on level 9 of the Dungeon.
             The game lasted 00:27:38 (7365 turns).

happo123 the Grappler (Troll Transmuter)            Turns: 7365, Time: 00:27:38

Health: -3/94      AC:  6    Str: 26    XL:     10   Next: 8%
Magic:  12/14      EV: 11    Int: 15    God:    the Shining One [**....]
Gold:   370        SH:  0    Dex: 10    Spells: 13/16 levels left

rFire   + . .      SeeInvis +     - Unarmed
rCold   + . .      Faith    .   (no shield)
rNeg    + . .      Spirit   .   p - +1 robe {rF+}
rPois   .          Reflect  .   (helmet currently unavailable)
rElec   .          Harm     .   h - +0 cloak
rCorr   .          Rampage  .   (gloves unavailable)
Will    .....                   (boots unavailable)
Stlth   +.........              (no amulet)
HPRegen 1.05/turn               t - ring of Demons {rC+ Str+6 Int+2 SInv}
MPRegen 0.14/turn               (no ring)

@: lethally poisoned (-3 -> -15), appendages (expiring), wereblooded, glowing
A: horns 2, talons 2, large, unfitting armour, claws 3, regeneration 1, shaggy
fur 1, tough skin 1
a: End Transformation, Renounce Religion, Divine Shield


You were on level 9 of the Dungeon.
You worshipped the Shining One.
The Shining One was pleased with you.
You had temporarily grown beastly horns and talons.
You visited 2 branches of the dungeon, and saw 10 of its levels.

You collected 370 gold pieces.

Inventory:

Hand Weapons
 n - a +1 mace of protection
 r - a +2 antimagic flail
 B - a +4 dire flail
Armour
 a - a +0 robe
 h - a +0 cloak (worn)
 p - a +1 robe of fire resistance (worn)
 v - a scarf of harm
Magical Staves
 l - a staff of fire
Jewellery
 t - the ring of Demons (left claw) {rC+ Str+6 Int+2 SInv}
   (You found it on level 5 of the Dungeon)

   [ring of strength]

   Str:       It affects your strength (+6).
   Int:       It affects your intelligence (+2).
   rC:        It protects you from cold.
   SInv:      It lets you see invisible.
Wands
 y - a wand of paralysis (8)
 A - a wand of iceblast (8)
Scrolls
 d - 2 scrolls of vulnerability {unknown}
 e - 5 scrolls of identify
 i - 2 scrolls of amnesia {unknown}
 j - 2 scrolls of fear {unknown}
 s - a scroll of immolation
 x - 2 scrolls of teleportation
 z - 3 scrolls of enchant armour
Potions
 b - 3 potions of lignification
 c - 4 potions of curing {unknown}
 f - a potion of invisibility
 g - 2 potions of berserk rage {unknown}
 k - 3 potions of degeneration {unknown}
 m - a potion of cancellation {unknown}
 o - 3 potions of brilliance {unknown}
 q - 2 potions of magic {unknown}
 u - a potion of flight {unknown}
 w - a potion of heal wounds {unknown}
 C - a potion of might {unknown}
 D - 2 potions of mutation {unknown}
 E - a potion of ambrosia {unknown}


   Skills:
 + Level 4.3 Fighting
 + Level 4.6 Dodging
 * Level 8.1 Unarmed Combat
 + Level 3.6 Spellcasting
 * Level 5.9 Transmutations
 + Level 2.6 Ice Magic


You had 13 spell levels left.
You knew the following spells:

 Your Spells              Type           Power      Damage    Failure   Level
a - Beastly Appendage     Tmut           40%        N/A       1%          1
b - Wereblood             Tmut           20%        N/A       2%          2

Your spell library contained the following spells:

 Spells                   Type           Power      Damage    Failure   Level
 Spider Form              Tmut/Pois      11%        N/A       17%         3
 Ozocubu's Armour         Ice            10%        N/A       19%         3
 Blink                    Tloc           4%         N/A       28%         2
 Ice Form                 Ice/Tmut       15%        N/A       32%         4
 Gell's Gravitas          Tloc           2%         N/A       50%         3
 Lesser Beckoning         Tloc           2%         N/A       50%         3
 Teleport Other           Tloc           2%         N/A       50%         3
 Manifold Assault         Tloc           2%         N/A       99%         5
 Dispersal                Tloc           1%         N/A       100%        6
 Ozocubu's Refrigeration  Ice            5%         4d6       100%        7


Dungeon Overview and Level Annotations

Branches:
Dungeon (9/15)             Temple (1/1) D:4            Lair (0/6) D:8
    Orc: D:9-12

Altars:
Ashenzari
Cheibriados
Dithmenos
Elyvilon
Fedhas
Gozag
Hepliaklqana
Kikubaaqudgha
Makhleb
Nemelex Xobeh
Okawaru
Qazlal
Ru
Sif Muna
Trog
Uskayaw
Vehumet
Xom
Zin
The Shining One
Jiyva


Innate Abilities, Weirdness & Mutations

You have temporarily grown beastly horns and talons.
You are too large for most types of armour.
You have claws for hands.
Your natural rate of healing is unusually fast.
You are covered in fur. (AC +1)
You have tough skin. (AC +1)


Message History

The killer bee poisons you! The killer bee closely misses you.
Found a stone staircase leading down.
You feel very sick.
The killer bee stings you but does no damage.
The killer bee misses you. The killer bee stings you.
You mangle the killer bee!!
You feel a bit better.
You kill the killer bee!
You feel very sick. The killer bee barely misses you.
The killer bee stings you.
The killer bee stings you but does no damage.
The killer bee closely misses you.
You feel very sick.
You hear a shout!
The killer bee stings you.
* * * LOW HITPOINT WARNING * * *
The killer bee stings you.
* * * LOW HITPOINT WARNING * * *
The killer bee stings you.
* * * LOW HITPOINT WARNING * * *
You are more poisoned.
The killer bee poisons you! The killer bee misses you.
You see here a killer bee corpse.
You scratch the two-headed ogre.
The two-headed ogre is lightly wounded.
You feel very sick. The killer bee stings you.
* * * LOW HITPOINT WARNING * * *
You are lethally poisoned!
The killer bee poisons you!
The killer bee stings you but does no damage.
You claw the two-headed ogre!
You claw the two-headed ogre, but do no damage.
The two-headed ogre is moderately wounded.
* * * LOW HITPOINT WARNING * * *
You feel very sick.
The killer bee stings you but does no damage.
The killer bee stings you.
* * * LOW HITPOINT WARNING * * *
The two-headed ogre hits you with a +0 giant club.
You die...

...........>..#
#(...............
#................
#................
..#..?...........
>................
.................
#.....yO.......
#....Ty@......#
........######.##
##..(...#
#.#.#...
......!..
..........
.........o
...........


You could see a two-headed ogre, a troll and 2 killer bees.

Vanquished Creatures
  The ghost of croobank the Covert, a novice GnDe of Gozag (D:8)
  A hornet (D:7)
  Grinder (D:6)
  Sigmund (D:4)
  A water moccasin (D:8)
  2 ice beasts
  An orc warrior (D:8)
  3 black bears
  A sky beast (D:7)
  2 ogres
  3 bullfrogs
  A necrophage (D:4)
  A gnoll sergeant (D:8)
  6 scorpions
  4 wights (D:7)
  7 killer bees
  4 howler monkeys
  A jelly (D:4)
  A crimson imp (D:8)
  3 orc priests (D:8)
  A hound (D:6)
  Crazy Yiuf (D:5)
  2 iguanas
  10 orc wizards
  A statue (D:4)
  8 gnolls
  5 adders
  2 shadow imps
  3 white imps
  4 ufetubi
  2 worms (D:2)
  2 dart slugs (D:1)
  17 orcs
  11 ball pythons
  6 endoplasms
  7 giant cockroaches
  6 goblins
  9 hobgoblins
  8 jackals (D:1)
  A quokka (D:2)
  4 bats
  5 frilled lizards (D:1)
  4 kobolds
  4 rats
168 creatures vanquished.

Vanquished Creatures (others)
  14 fungi
  9 plants (D:8)
23 creatures vanquished.

Grand Total: 191 creatures vanquished

Notes
Turn   | Place    | Note
-------+----------+-------------------------------------------
     0 | D:1      | happo123 the Troll Transmuter began the quest for the Orb.
     0 | D:1      | Reached XP level 1. HP: 18/18 MP: 1/1
   219 | D:1      | Reached XP level 2. HP: 22/26 MP: 0/2
   220 | D:1      | Reached skill level 1 in Fighting
   403 | D:1      | Reached XP level 3. HP: 26/33 MP: 2/4
   406 | D:1      | Learned a level 2 spell: Wereblood
  1112 | D:2      | Reached XP level 4. HP: 41/41 MP: 3/5
  2211 | D:3      | Found a faded altar of an unknown god.
  2598 | D:4      | Reached skill level 4 in Unarmed Combat
  2598 | D:4      | Reached XP level 5. HP: 36/48 MP: 6/6
  2637 | D:4      | Found a staircase to the Ecumenical Temple.
  2723 | Temple   | Entered the Ecumenical Temple
  2805 | Temple   | Became a worshipper of the Shining One
  2875 | D:4      | Noticed Sigmund
  2938 | D:4      | Killed Sigmund
  2939 | D:4      | Reached XP level 6. HP: 40/57 MP: 6/8
  3109 | D:4      | Reached XP level 7. HP: 53/65 MP: 7/9
  3168 | D:4      | Found a radiant altar of Vehumet.
  3181 | D:4      | Reached skill level 5 in Unarmed Combat
  3367 | D:4      | Found a shimmering blue altar of Sif Muna.
  3522 | D:5      | Entered Level 5 of the Dungeon
  3558 | D:5      | Found a sparkling altar of Nemelex Xobeh.
  3710 | D:5      | Identified the ring of Demons {rC+ Str+6 Int+2 SInv}
  4091 | D:5      | Found a white marble altar of Elyvilon.
  4460 | D:5      | Found a runed translucent door.
  4461 | D:5      | Noticed Crazy Yiuf
  4468 | D:5      | Killed Crazy Yiuf
  4819 | D:6      | Noticed Grinder
  4829 | D:6      | Killed Grinder
  4830 | D:6      | Reached XP level 8. HP: 74/74 MP: 10/10
  4902 | D:6      | Found a shadowy altar of Dithmenos.
  4930 | D:6      | Reached skill level 6 in Unarmed Combat
  5829 | D:7      | Reached * piety under the Shining One
  5952 | D:7      | Reached skill level 1 in Ice Magic
  6008 | D:7      | Found a hide-covered altar of Uskayaw.
  6150 | D:7      | Found a sacrificial altar of Ru.
  6238 | D:7      | Found an opulent altar of Gozag.
  6425 | D:7      | Reached XP level 9. HP: 65/83 MP: 12/12
  6473 | D:7      | Reached skill level 7 in Unarmed Combat
  6473 | D:7      | Reached skill level 5 in Transmutations
  6488 | D:7      | Found a hazy altar of Hepliaklqana.
  6490 | D:7      | Found a shimmering altar of Xom.
  6491 | D:7      | Noticed a spectral ugly thing
  6607 | D:8      | Reached ** piety under the Shining One
  6608 | D:8      | Found a staircase to the Lair.
  6659 | D:8      | Found a runed translucent door.
  6660 | D:8      | Noticed croobank's ghost (novice GnDe)
  6747 | D:8      | Killed croobank's ghost
  6748 | D:8      | Reached skill level 8 in Unarmed Combat
  6834 | D:8      | Reached XP level 10. HP: 93/93 MP: 10/14
  7157 | D:8      | Found a burning altar of Makhleb.
  7352 | D:9      | Noticed a two-headed ogre
  7365 | D:9      | HP: 3/94 [killer bee (5)]
  7365 | D:9      | Slain by a two-headed ogre

Illustrated notes

Levels and vault maps discovered:
D:1:      dpeg_arrival_rooms_a, layout_loops_cross, minmay_shallow_snake_nest
D:2:      layout_basic, ebering_dispersal_statue_hall, grunt_decor_arrowhead,
          grunt_ministairs_3
D:3:      layout_loops_ring, hellmonk_ecumenical_altar_leap_of_faith
D:4:      layout_gridville, lemuel_blue_sif_altar, vehumet_statue,
          minmay_temple_entry_glass, uniq_sigmund
D:5:      layout_loops_corners, nicolae_elyvilon_temple_path,
          amcnicky_altar_gilded, minmay_misc_feat_square,
          uniq_crazy_yiuf_cottage
D:6:      layout_layer_cave, nicolae_dithmenos_shadow_blocks, minivault_24,
          uniq_grinder
D:7:      layout_basic, regret_index_temple_of_mockery, grunt_gozag_statues,
          marbit_many_paths, mainiacjoe_overflow_paths
D:8:      layout_loops_cross, makhleb_grotto_becter,
          grunt_lair_entry_orc_guard_hut, gammafunk_ghost_grave
D:9:      layout_rooms
Temple:   pf_slimified_temple

Skill      XL: |  1  2  3  4  5  6  7  8  9 |
---------------+----------------------------+-----
Fighting       | 1 2 3 4 |  4.3
Transmutations | 2 3 4 5 |  5.9
Dodging        | 2 3 4 |  4.6
Unarmed Combat | 4 5 6 8 |  8.1
Spellcasting   | 2 3 |  3.6
Ice Magic      | 1 2 |  2.6

Action                   |  1- 3 |  4- 6 |  7- 9 | 10-12 || total
-------------------------+-------+-------+-------+-------++-------
Melee: Unarmed           |    96 |   108 |   188 |    18 ||   410
       Kick              |     6 |    10 |    51 |     1 ||    68
       Headbutt          |     4 |     7 |    29 |       ||    40
       Punch             |     1 |     3 |     7 |     1 ||    12
 Cast: Beastly Appendage |    11 |    10 |    24 |     1 ||    46
       Wereblood         |       |     1 |    12 |     1 ||    14
  Use: Scroll            |       |       |       |     3 ||     3
 Stab: Sleeping          |     1 |     2 |       |       ||     3
Armor: Robe              |    33 |    49 |    39 |    10 ||   131
Dodge: Dodged            |    43 |    56 |    66 |    27 ||   192

Table legend: (Time is in decaauts)
 A = Elapsed time spent in this place.
 B = Non-inter-level travel time spent in this place.
 C = Inter-level travel time spent in this place.
 D = Time resting spent in this place.
 E = Time spent auto-exploring this place.
 F = Levels seen in this place.
 G = Mean time per level.
                   A        B        C        D        E       F      G
               +--------+--------+--------+--------+--------+-----+--------+
         Total |   7330 |   6771 |    559 |      0 |   5709 |  10 |  733.0 |
       Dungeon |   7231 |   6769 |    462 |      0 |   5709 |   9 |  803.4 |
        Temple |     99 |      2 |     97 |      0 |      0 |   1 |   99.0 |
               +--------+--------+--------+--------+--------+-----+--------+

Top non-repeatable levels by time:
     D:6: 1267 daAuts
     D:2: 1238 daAuts
     D:5: 1001 daAuts
     D:4: 864 daAuts
     D:8: 780 daAuts
     D:7: 761 daAuts
     D:1: 728 daAuts
     D:3: 576 daAuts
  Temple: 99 daAuts
     D:9: 11 daAuts
